 Dungeon Crawl Stone Soup version 0.28-a0-674-gdaf460b524 (webtiles) character file.

Game seed: 5476118669219234847

105 bande the Shield-Bearer (level 4, -4/29 HPs)
             Began as a Gargoyle Fighter on Oct 17, 2021.
             Slain by Sigmund (11 damage)
             ... on level 3 of the Dungeon.
             The game lasted 00:03:07 (2932 turns).

bande the Shield-Bearer (Gargoyle Fighter)          Turns: 2932, Time: 00:03:08

Health: -4/29      AC: 10    Str: 20    XL:     4   Next: 83%
Magic:  4/4        EV:  9    Int:  9    God:
Gold:   56         SH:  4    Dex:  9    Spells: 3/3 levels left

rFire   . . .      SeeInvis .   a - +0 war axe
rCold   . . .      Faith    .   c - +0 buckler
rNeg    + . .      Spirit   .   b - +0 scale mail
rPois   ∞          Reflect  .   (no helmet)
rElec   +          Harm     .   (no cloak)
rCorr   .          Rampage  .   (no gloves)
Will    .....                   (no boots)
Stlth   ..........              (no amulet)
HPRegen 0.09/turn               j - ring of flight
MPRegen 0.09/turn               (no ring)

@: mighty, flying
A: sickness immunity, AC +3, negative energy resistance 1, electricity
resistance, torment resistance 1, petrification resistance
a: no special abilities


You were on level 3 of the Dungeon.
You visited 1 branch of the dungeon, and saw 3 of its levels.

You collected 56 gold pieces.

Inventory:

Hand Weapons
 a - a +0 war axe (weapon)
 i - a +0 flail
Armour
 b - a +0 scale mail (worn)
 c - a +0 buckler (worn)
Jewellery
 j - a ring of flight (left hand)
Potions
 e - a potion of brilliance {unknown}
 f - a potion of berserk rage
 g - a potion of resistance {unknown}
 h - 2 potions of curing
 k - a potion of flight {unknown}


   Skills:
 + Level 3.8 Fighting
 + Level 3.1 Axes
 + Level 3.9 Armour
 - Level 0.1 Dodging
 + Level 3.9 Shields


You had 3 spell levels left.
You didn't know any spells.
Your spell library contained the following spells:

 Spells                   Type           Power      Damage    Failure   Level
 Leda's Liquefaction      Hex/Erth       0%         N/A       100%        4
 Lee's Rapid Deconstruct  Erth           0%         3d5*      100%        5
 Statue Form              Tmut/Erth      Unusable   N/A       N/A         6

Dungeon Overview and Level Annotations

Branches:
Dungeon (3/15)

Altars:

Annotations:
D:3 1 runed translucent door, Crazy Yiuf, Sigmund


Innate Abilities, Weirdness & Mutations

You are immune to sickness and miasma.
Your stone body is resilient. (AC +3)
You are immune to poison.
You resist negative energy. (rN+)
You are resistant to electric shocks. (rElec)
You are resistant to unholy torment.
You are immune to petrification.


Message History

Found 10 gold pieces.
You feel very mighty all of a sudden.
The jackal barks!
The jackal bites you but does no damage.
Sigmund casts a spell.
Sigmund flickers and vanishes!
Deactivating autopickup; reactivate with Ctrl-A.
You closely miss the jackal.
The jackal bites you but does no damage.
Something hits you!
The jackal bites you but does no damage.
Unknown command.
You barely miss the jackal.
The kobold throws a stone.
The stone hits you but does no damage.
You hear some strange, mumbled words.
A puff of flame appears from out of thin air!
The puff of flame hits you.
The jackal bites you but does no damage.
The jackal closely misses you. The kobold hits you but does no damage.
You block the jackal's attack. Something hits you.
The jackal bites you but does no damage.
There is an open door here.
Unknown command.
You slash the kobold!
You kill the kobold!
You closely miss the jackal. x2; You miss something.
The jackal barely misses you. You block the jackal's attack.
The jackal closely misses you. Something completely misses you.
You miss the jackal. You slash something! You slash the jackal!
You kill the jackal!
You closely miss the jackal. The jackal bites you.
* * * LOW HITPOINT WARNING * * *
The jackal bites you but does no damage.
You block the jackal's attack. The jackal closely misses you.
Unknown command.
You slash the jackal!
You kill the jackal!
You barely miss the jackal. You closely miss something.
The jackal barely misses you. Something hits you!
You die...

##### #...#
#...#######
#...#{....# ##
#...@h....+ ..#
###†#h....#######
#.# #.#....$+.....#
#.# #.#.....#####.#
#.# #.#.....#..<#(#
#.#
#.####+##.###.###.#
#.##...............
#.##.#.##.#.#...#..
#...>..............


You could see 2 jackals.

Vanquished Creatures
  3 gnolls
  3 adders
  2 dart slugs
  5 orcs (D:2)
  A ball python (D:1)
  3 bats (D:2)
  7 endoplasms
  A giant cockroach (D:1)
  A goblin (D:1)
  3 hobgoblins (D:1)
  2 jackals (D:3)
  6 kobolds
  2 frilled lizards
  3 rats
42 creatures vanquished.

Notes
Turn   | Place    | Note
-------+----------+-------------------------------------------
     0 | D:1      | bande the Gargoyle Fighter began the quest for the Orb.
     0 | D:1      | Reached XP level 1. HP: 14/14 MP: 1/1
   107 | D:1      | Reached XP level 2. HP: 19/19 MP: 2/2
   819 | D:1      | Found a faded altar of an unknown god.
  1074 | D:2      | Reached XP level 3. HP: 24/24 MP: 3/3
  1807 | D:1      | Reached XP level 4. HP: 9/29 MP: 4/4
  2884 | D:3      | Found a runed translucent door.
  2886 | D:3      | Noticed Crazy Yiuf
  2925 | D:3      | Noticed Sigmund
  2932 | D:3      | Slain by Sigmund

Illustrated notes

Levels and vault maps discovered:
D:1:      nagdon_arrival_zigzag_paths, layout_basic,
          dilly_ecumenical_altar_fadedgnrine, serial_forest,
          infiniplex_forest_lined_ring, infiniplex_forest_clump_curved,
          infiniplex_forest_clump_curved, infiniplex_forest_straight_1,
          infiniplex_forest_straight_1, infiniplex_forest_straight_5,
          dk_noncrumbling_2, minmay_surrounded
D:2:      layout_basic, serial_corexii_hall, corexii_hall_statues_t,
          corexii_hall_statues_l
D:3:      layout_basic, kennysheep_generic_room_2, uniq_crazy_yiuf_cottage,
          uniq_sigmund

Skill      XL: |  1  2  3  4 |
---------------+-------------+-----
Axes           | 2 3 |  3.1
Fighting       | |  3.8
Armour         | |  3.9
Dodging        | |  0.1
Shields        | |  3.9

Action                   |  1- 3 |  4- 6 || total
-------------------------+-------+-------++-------
Melee: War axe           |    89 |    37 ||   126
  Use: Scroll            |     2 |     1 ||     3
       Potion            |       |     1 ||     1
Armor: Scale mail        |    48 |    22 ||    70
Dodge: Dodged            |    30 |    25 ||    55
Block: Buckler           |    18 |    11 ||    29

Table legend: (Time is in decaauts)
 A = Elapsed time spent in this place.
 B = Non-inter-level travel time spent in this place.
 C = Inter-level travel time spent in this place.
 D = Time resting spent in this place.
 E = Time spent auto-exploring this place.
 F = Levels seen in this place.
 G = Mean time per level.
                   A        B        C        D        E       F      G
               +--------+--------+--------+--------+--------+-----+--------+
         Total |   2981 |   2964 |     17 |    552 |   2020 |   3 |  993.7 |
       Dungeon |   2981 |   2964 |     17 |    552 |   2020 |   3 |  993.7 |
               +--------+--------+--------+--------+--------+-----+--------+

Top non-repeatable levels by time:
     D:1: 1427 daAuts
     D:2: 1286 daAuts
     D:3: 267 daAuts
